Map: World of Sleepers LE

Players

puCK (Nina)

  • Race: Protoss Protoss
  • League: Grandmaster
  • Spawn Location: 1:00

thermostaat (uThermal) - Winner!

  • Race: Terran Terran
  • Spawn Location: 7:00

Event: Cheeseadelphia XI, Cheeseadelphia XI

VOD

Have the link to the VOD?

Description

Time

  • Played on: Dec. 15, 2019, 1:54 p.m.
  • Length: 11:04

All games in this series

Show
View Real Time Build Order
Export as new Build Order

puCK Protoss 

Build Orders: 1 Gate Expand, Blink Stalkers, Chargelot Immortal 

Get SALT Encoding   

  12  0:00  Probe  
  13  0:12  Probe  
  14  0:17  Pylon  
  14  0:24  Probe  
  15  0:36  Gateway  
  15  0:39  Probe (Chrono Boost)  
  16  0:47  Assimilator  
  17  0:50  Probe (Chrono Boost)  
  17  0:54  Probe (Chrono Boost)  
  18  1:05  Probe  
  19  1:17  Probe  
  20  1:24  Cybernetics Core  
  20  1:34  Nexus  
  20  1:42  Pylon  
  20  1:46  Probe  
  21  1:51  Assimilator  
  21  1:57  Adept (Chrono Boost)  
  21  1:58  Probe  
  24  2:02  Warp Gate  
  24  2:10  Probe  
  25  2:20  Stalker (Chrono Boost)  
  27  2:23  Probe  
  27  2:35  Probe  
  28  2:46  Probe  
  28  2:48  Probe  
  30  2:53  Stalker (Chrono Boost)  
  30  2:58  Probe  
  33  3:00  Probe  
  33  3:05  Twilight Council  
  34  3:06  Gateway  
  34  3:10  Probe (Chrono Boost)  
  35  3:13  Probe (Chrono Boost)  
  35  3:19  Stalker  
  39  3:21  Probe (Chrono Boost)  
  39  3:23  Probe (Chrono Boost)  
  39  3:26  Probe (Chrono Boost)  
  40  3:28  Probe (Chrono Boost)  
  40  3:32  Pylon  
  42  3:36  Probe  
  42  3:38  Blink (Chrono Boost)  
  42  3:39  Probe  
  44  3:48  Probe  
  44  3:52  Probe  
  46  3:59  Stalker  
  46  4:00  Pylon, Probe, Stalker  
  51  4:07  Probe  
  51  4:09  Pylon  
  52  4:11  Pylon  
  52  4:12  Robotics Facility  
  52  4:15  Probe  
  53  4:30  Nexus  
  53  4:34  Probe x2  
  53  4:35  Stalker  
  57  4:38  Stalker  
  59  4:47  Gateway  
  59  4:48  Gateway  
  59  4:50  Probe  
  59  4:52  Probe  
  61  4:58  Gateway  
  61  5:00  Sentry  
  61  5:02  Observer (Chrono Boost), Zealot  
  61  5:05  Probe  
  65  5:10  Probe  
  65  5:12  Pylon  
  66  5:17  Probe  
  66  5:20  Pylon  
  67  5:22  Immortal (Chrono Boost)  
  71  5:29  Zealot x2  
  71  5:31  Pylon  
  71  5:33  Probe  
  76  5:42  Probe  
  77  5:43  Zealot  
  77  5:44  Zealot  
  77  5:45  Probe  
  77  5:48  Probe  
  77  5:49  Forge  
  83  5:54  Sentry, Immortal (Chrono Boost)  
  85  5:58  Probe  
  85  6:00  Probe  
  85  6:02  Probe  
  92  6:08  Zealot x2  
  92  6:10  Probe  
  97  6:12  Charge (Chrono Boost)  
  97  6:17  Gateway  
  97  6:18  Gateway  
  97  6:23  Gateway  
  97  6:32  Probe x3  
  100  6:33  Immortal  
  104  6:40  Pylon  
  104  6:44  Probe x2  
  104  6:46  Protoss Ground Weapons Level 1 (Chrono Boost)  
  106  6:47  Pylon, Probe  
  107  6:56  Zealot x3  
  107  6:57  Zealot x2  
  107  6:58  Pylon  
  107  7:01  Assimilator  
  117  7:05  Forge  
  117  7:09  Nexus  
  117  7:11  Pylon  
  117  7:13  Probe  
  117  7:15  Assimilator  
  118  7:17  Immortal (Chrono Boost)  
  122  7:28  Probe  
  122  7:30  Probe  
  122  7:31  Probe  
  122  7:36  Zealot x2  
  122  7:37  Zealot x4  
  130  7:43  Gateway  
  134  7:44  Gateway  
  134  7:45  Probe, Protoss Ground Armor Level 1 (Chrono Boost)  
  134  8:00  Zealot x7  
  147  8:06  Zealot  
  115  8:21  Zealot x7  
  115  8:25  Probe  
  96  8:35  Probe x2  
  96  8:36  Probe  
  96  8:40  Warp Prism  
  101  8:43  Robotics Bay, Robotics Facility  
  101  8:44  Protoss Ground Weapons Level 2 (Chrono Boost), Sentry x2  
  101  8:46  Probe (Chrono Boost)  
  107  8:53  Probe (Chrono Boost)  
  107  8:54  Zealot x4  
  107  8:55  Probe (Chrono Boost)  
  116  9:02  Probe (Chrono Boost)  
  116  9:03  Assimilator  
  116  9:06  Stalker x3  
  123  9:13  Zealot x3  
  129  9:18  Immortal (Chrono Boost)  
  133  9:30  Nexus  
  133  9:31  Zealot x3  
  140  9:39  Pylon  
  140  9:40  Observer (Chrono Boost)  
  140  9:41  Pylon  
  140  9:43  Zealot x2  
  142  9:48  Zealot  
  142  9:49  Zealot x2  
  142  9:52  Zealot x2  
  152  9:55  Zealot x2  
  152  9:57  Zealot  
  158  10:03  Colossus  
  164  10:11  Zealot x5  
  162  10:17  Zealot x2  
  162  10:18  Zealot  
  142  10:25  Zealot x2  
  122  10:31  Zealot x4  
  122  10:32  Zealot  
  116  10:38  Zealot x3  
  121  10:45  Zealot x2  
  107  10:51  Zealot  
Show
View Real Time Build Order
Export as new Build Order

thermostaat Terran - Winner!

Build Orders: Reaper Expand 

Get SALT Encoding   

  12  0:01  SCV  
  13  0:14  SCV  
  14  0:17  Supply Depot  
  14  0:26  SCV  
  15  0:39  SCV  
  15  0:42  Barracks  
  16  0:44  Refinery  
  16  0:51  SCV  
  17  1:03  SCV  
  18  1:15  SCV  
  19  1:29  Orbital Command, Reaper  
  20  1:44  Command Center  
  20  1:53  Supply Depot  
  20  1:55  SCV  
  20  2:01  Marine  
  22  2:07  SCV  
  23  2:09  Factory  
  23  2:19  SCV  
  23  2:20  Bunker  
  23  2:21  Barracks Reactor  
  24  2:31  SCV  
  24  2:35  Refinery  
  25  2:43  SCV  
  26  2:55  SCV, Widow Mine  
  26  2:57  Orbital Command  
  28  2:58  Marine  
  28  2:59  Marine  
  30  3:06  Starport  
  30  3:07  SCV  
  31  3:16  Widow Mine, Marine x2  
  36  3:20  SCV  
  36  3:22  SCV  
  37  3:27  Supply Depot  
  37  3:32  SCV  
  38  3:34  Marine x2  
  38  3:35  SCV  
  38  3:39  Factory Tech Lab  
  38  3:41  Viking, Refinery  
  41  3:44  SCV  
  41  3:48  SCV  
  45  3:51  Supply Depot  
  45  3:52  Marine x2  
  47  4:02  SCV x2  
  49  4:07  Factory Tech Lab  
  49  4:10  Marine x2  
  49  4:14  SCV  
  52  4:18  Raven  
  52  4:20  Command Center  
  54  4:24  SCV  
  54  4:26  SCV, Supply Depot  
  54  4:30  Siege Tank  
  59  4:32  Marine  
  59  4:35  Marine  
  61  4:44  SCV  
  62  4:47  SCV  
  62  4:48  Supply Depot  
  62  4:50  Marine  
  64  4:53  Marine  
  64  4:57  SCV  
  66  5:01  Supply Depot  
  66  5:02  Siege Tank  
  69  5:09  SCV  
  69  5:10  Barracks x2, SCV  
  69  5:12  Marine x2  
  73  5:21  SCV  
  73  5:22  SCV  
  73  5:24  Engineering Bay  
  73  5:28  Engineering Bay  
  75  5:30  Marine x2  
  75  5:31  Starport Reactor  
  75  5:35  Orbital Command  
  76  5:40  Siege Tank  
  78  5:48  Marine  
  79  5:52  Barracks  
  79  5:53  Barracks, Terran Infantry Weapons Level 1  
  79  5:55  Terran Infantry Armor Level 1  
  79  5:57  Marine  
  79  6:01  Stimpack  
  79  6:02  Marine  
  81  6:05  Barracks Tech Lab  
  81  6:06  Marine  
  82  6:12  Siege Tank  
  82  6:14  Supply Depot, Marine  
  82  6:15  Medivac  
  88  6:19  Supply Depot  
  88  6:21  SCV x2  
  88  6:23  Refinery  
  90  6:26  Marauder, Marine  
  90  6:27  Marauder  
  90  6:32  Supply Depot, Marine  
  95  6:33  Medivac  
  95  6:34  SCV  
  99  6:41  Barracks Tech Lab  
  99  6:43  Barracks Reactor, Supply Depot  
  98  6:48  Marine  
  98  6:49  Marauder, Marine  
  102  6:54  Marine  
  102  6:55  SCV  
  102  6:57  Supply Depot  
  102  6:59  Factory Reactor  
  104  7:02  Supply Depot  
  104  7:04  Combat Shield  
  104  7:06  Marine  
  104  7:07  Marauder, Marine  
  109  7:10  Marine  
  109  7:13  Supply Depot, Marine  
  110  7:21  Medivac  
  112  7:23  Supply Depot  
  112  7:26  Marauder  
  112  7:27  Marine  
  112  7:28  Marauder x2, Marine x2  
  121  7:32  Marine  
  122  7:39  Widow Mine x2  
  122  7:40  Medivac  
  122  7:42  SCV  
  129  7:45  Marine  
  129  7:46  Orbital Command, Marine x2  
  132  7:55  Marine x2  
  132  7:56  Marauder x2  
  132  7:58  SCV  
  139  8:03  Widow Mine x2  
  139  8:04  SCV  
  144  8:08  Medivac  
  143  8:17  Medivac  
  143  8:19  Marauder  
  124  8:23  Marine x2  
  124  8:24  Marauder x2  
  108  8:27  Marine  
  108  8:30  Marine  
  99  8:35  SCV x2, Widow Mine  
  99  8:40  Marauder  
  105  8:41  SCV, Marine x2  
  105  8:43  Refinery x2  
  105  8:45  Marauder x2  
  105  8:46  Marine  
  105  8:47  SCV, Marine  
  115  8:51  Armory  
  115  8:55  Concussive Shells  
  115  8:57  SCV x2  
  115  8:59  Marine x2  
  115  9:00  SCV  
  115  9:01  Marauder  
  124  9:03  Widow Mine  
  124  9:04  Marine, Widow Mine  
  124  9:05  Marine  
  128  9:13  Missile Turret  
  128  9:14  Missile Turret  
  128  9:16  Medivac x2  
  128  9:17  Marine x2  
  132  9:18  SCV  
  132  9:20  Marine x2  
  139  9:24  Widow Mine  
  139  9:25  Widow Mine  
  139  9:26  Supply Depot, Marine  
  142  9:32  Marine  
  142  9:33  Marauder  
  142  9:34  Marine  
  142  9:37  Fusion Core  
  146  9:43  Supply Depot  
  146  9:44  Marauder, Marine  
  149  9:47  Widow Mine  
  149  9:50  Widow Mine  
  149  9:52  Marine  
  153  9:53  Marauder  
  153  9:54  Supply Depot  
  156  10:01  Marine x2  
  156  10:02  Marauder, Marine  
  156  10:06  Marauder  
  163  10:10  Marine, Widow Mine  
  163  10:16  Widow Mine  
  140  10:35  Marauder, Marine  
  135  10:36  Widow Mine  
  135  10:38  Marine  
  135  10:39  Marauder, Widow Mine  
Tags
 
Add a new tag
Caveats
  • Supply blocks, unpowered buildings, or Contaminate may cause inaccurate times.
  • Supply counts are checked every 10 seconds.